 Dungeon Crawl Stone Soup version 0.14-a0-2124-ga163777 (webtiles) character file.

4155 Faustar the Cleaver (level 9, 0/135 HPs)
             Began as a Minotaur Berserker on Jan 27, 2014.
             Was a High Priest of Trog.
             Incinerated by a mottled dragon (2 damage)
             ... with a sticky flame
             ... on Level 7 of the Dungeon.
             The game lasted 00:21:58 (7293 turns).

Faustar the Cleaver (Minotaur Berserker)            Turns: 7293, Time: 00:21:59

HP   0/135       AC  4     Str 30      XL: 9   Next: 90%
MP   4/4         EV 12     Int  6      God: Trog [*****.]
Gold 466         SH  0     Dex 10      Spells:  0 memorised,  8 levels left

rFire  . . .     SeeInvis .     O - +8,+9 broad axe "Hydrabane" {freeze, Int+2}
rCold  . . .     Clarity  .     b - -1 animal skin
rNeg   . . .     Conserve .     (no shield)
rPois  .         rCorr    .     (helmet restricted)
rElec  .         rRot     .     (no cloak)
SustAb . .       Spirit   .     y - +2 pair of gloves
rMut   .         Warding  .     (no boots)
Saprov . . .     Stasis   .     (no amulet)
MR     ++...                    (no ring)
                                (no ring)

@: liquid flames, regenerating, berserking (expiring), glowing, very quick, very
resistant to hostile enchantments, extremely unstealthy
A: retaliatory headbutt, horns 2
a: Burn Spellbooks, Berserk, Trog's Hand, Brothers in Arms, Renounce Religion


You were on level 7 of the Dungeon.
You worshipped Trog.
Trog was extremely pleased with you.
You were hungry.

You visited 1 branch of the dungeon, and saw 7 of its levels.

You collected 466 gold pieces.

Inventory:

Hand weapons
 a - a cursed +0,-1 hand axe
 C - a +3,+2 dwarven hand axe
 F - a +0,+1 flail of protection
 O - the +8,+9 broad axe "Hydrabane" (weapon) {freeze, Int+2}
   (You found it on level 7 of the Dungeon)

   It has been specially enchanted to freeze those struck by it, causing extra
   injury to most foes and up to double damage against particularly susceptible
   opponents.
   It can also slow down cold-blooded creatures.
   It affects your intelligence (+2).
Armour
 b - a -1 animal skin (worn)
 y - a +2 pair of gloves (worn)
Magical devices
 m - a wand of teleportation (5) {unknown}
 E - a wand of flame (14)
 I - a wand of teleportation (5) {unknown}
 J - a wand of heal wounds (2) {unknown}
Comestibles
 c - 5 bread rations
 f - a choko
 j - a sausage
 l - 12 strawberries
 p - 3 meat rations
 w - 5 chunks of centaur flesh
Scrolls
 e - a scroll of fear {unknown}
 h - 4 scrolls of remove curse
 k - 2 scrolls of teleportation
 n - 5 scrolls of identify
 s - a scroll of noise
Potions
 g - 2 potions of speed {unknown}
 r - a potion of agility {unknown}
 t - a potion of berserk rage
 A - 2 potions of curing


   Skills:
 - Level 11.8 Fighting
 + Level 12.6 Axes
 - Level 2.4 Armour
 - Level 2.1 Dodging


You had 8 spell levels left.
You didn't know any spells.

Dungeon Overview and Level Annotations

Branches:
Dungeon (7/16)             Temple (0/1) D:7

Altars:
Makhleb
Trog
Zin


Innate Abilities, Weirdness & Mutations

You reflexively headbutt those who attack you in melee.
You have a pair of horns on your head.


Message History

Trog accepts your kill.
You are covered in liquid flames!
One of your 6 scrolls of identify catches fire!
* * * LOW HITPOINT WARNING * * *
You are too berserk!
You are covered in liquid flames!
* * * LOW HITPOINT WARNING * * *
You see here a mottled dragon corpse.
You feel a strong urge to attack something.
You are covered in liquid flames!
* * * LOW HITPOINT WARNING * * *
You are covered in liquid flames!
One of your 5 scrolls of remove curse catches fire!
* * * LOW HITPOINT WARNING * * *
You feel your anger subside.
You are covered in liquid flames!
Your scroll of blinking catches fire!
* * * LOW HITPOINT WARNING * * *
You are covered in liquid flames!
You die...

***** *,,,#####
#.,,#...####
*****###...#......###
***,,,,.........@.%%..#
,,,,,* ..########...#.#
,,,,*,, * #...#.# *
...,**** #...#.#
*.#...* #####.#####
*,...,* #........#
*,...** #....###.#
#,...* #....# #.######
#.#.#* #####
######..###.##...#


There were no monsters in sight!

Vanquished Creatures
  Pikel (D:6)
  Grinder (D:6)
  A yak (D:5)
  Edmund (D:6)
  Menkaure (D:5)
  A mottled dragon (D:7)
  2 ice beasts
  A phantom (D:4)
  An ogre (D:5)
  2 sky beasts
  3 centaurs
  Sigmund (D:6)
  4 slaves (D:6)
  Duvessa (D:6)
  3 giant frogs
  A killer bee (D:5)
  4 wights (D:6)
  Dowan (D:6)
  2 hounds
  2 jellies
  3 crimson imps
  A two-headed ogre zombie (D:6)
  2 orc priests
  A gnoll shaman (D:5)
  A black bear skeleton (D:7)
  3 orc wizards
  2 iguanas
  2 scorpions (D:5)
  10 worker ants
  Jessica (D:2)
  A hound zombie (D:4)
  2 hound skeletons
  A mummy (D:6)
  A worker ant zombie (D:5)
  11 adders
  4 gnolls (D:3)
  A giant mite (D:6)
  A worm (D:4)
  An adder skeleton (D:6)
  2 giant eyeballs
  6 giant geckos
  An ooze (D:2)
  17 orcs
  3 ball pythons
  2 bat skeletons
  4 giant cockroaches
  A giant mite zombie (D:7)
  21 hobgoblins
  15 jackals
  4 quokkas
  8 bats
  A giant gecko skeleton (D:5)
  5 giant newts
  7 goblins
  7 kobolds
  A kobold skeleton (D:5)
  A quokka skeleton (D:6)
  15 rats
  A rat skeleton (D:5)
  A plant (D:2)
206 creatures vanquished.

Vanquished Creatures (others)
  A bat (D:6)
1 creature vanquished.

Grand Total: 207 creatures vanquished

Notes
Turn   | Place    | Note
--------------------------------------------------------------
     0 | D:1      | Faustar, the Minotaur Berserker, began the quest for the Orb.
     0 | D:1      | Reached XP level 1. HP: 19/19 MP: 1/1
   188 | D:1      | Reached skill level 4 in Fighting
   333 | D:1      | Reached XP level 2. HP: 17/27 MP: 1/1
   806 | D:2      | Acquired Trog's second power
   806 | D:2      | Reached XP level 3. HP: 34/34 MP: 2/2
   896 | D:2      | Noticed Jessica
   907 | D:2      | Killed Jessica
  1118 | D:2      | Reached skill level 5 in Axes
  1373 | D:2      | Reached XP level 4. HP: 28/41 MP: 2/2
  1438 | D:2      | HP: 2/41 [poisoned by an adder]
  1754 | D:3      | Reached skill level 5 in Fighting
  1854 | D:3      | Reached XP level 5. HP: 41/48 MP: 2/2
  2194 | D:3      | Reached skill level 6 in Axes
  2587 | D:4      | Acquired Trog's third power
  2597 | D:4      | Reached XP level 6. HP: 45/57 MP: 3/3
  3074 | D:4      | Noticed a phantom
  3083 | D:4      | Killed a phantom
  3083 | D:4      | Reached skill level 7 in Axes
  3341 | D:4      | Reached XP level 7. HP: 53/66 MP: 3/3
  3397 | D:4      | Found a bloodstained altar of Trog.
  3397 | D:4      | Found a glowing silver altar of Zin.
  3548 | D:5      | Entered Level 5 of the Dungeon
  3562 | D:5      | Noticed Menkaure
  3565 | D:5      | Killed Menkaure
  3636 | D:5      | Found a burning altar of Makhleb.
  3679 | D:5      | Reached skill level 8 in Axes
  4356 | D:5      | Reached XP level 8. HP: 69/75 MP: 3/3
  4402 | D:5      | Reached skill level 9 in Axes
  4414 | D:5      | Noticed a yak
  4424 | D:5      | Killed a yak
  5306 | D:5      | Reached skill level 10 in Axes
  5474 | D:6      | Noticed Edmund
  5475 | D:6      | Noticed Grinder
  5490 | D:6      | Killed Edmund
  5490 | D:6      | Reached skill level 10 in Fighting
  5496 | D:6      | Killed Grinder
  5496 | D:6      | Reached XP level 9. HP: 86/86 MP: 4/4
  5600 | D:6      | Noticed Pikel
  5608 | D:6      | Killed Pikel
  5608 | D:6      | Reached skill level 11 in Fighting
  6041 | D:6      | Noticed Sigmund
  6057 | D:6      | Killed Sigmund
  6147 | D:6      | Noticed Duvessa
  6149 | D:6      | Noticed Dowan
  6154 | D:6      | Killed Duvessa
  6157 | D:6      | Killed Dowan
  6743 | D:7      | Reached skill level 12 in Axes
  6857 | D:7      | Got an encrusted broad axe
  6858 | D:7      | Identified the +8,+9 broad axe "Hydrabane" {freeze, Int+2} (You found it on level 7 of the Dungeon)
  7108 | D:7      | Found a staircase to the Ecumenical Temple.
  7250 | D:7      | Paralysed by a giant eyeball for 3 turns
  7290 | D:7      | HP: 6/135 [burnt (3)]
  7292 | D:7      | HP: 1/135 [burnt (4)]
  7293 | D:7      | Incinerated by a mottled dragon

Action                   |  1- 3 |  4- 6 |  7- 9 || total
-------------------------+-------+-------+-------++-------
Melee: Hand axe          |   118 |   168 |   305 ||   591
       Broad axe         |       |       |    15 ||    15
Invok: Berserk           |     3 |     3 |     7 ||    13
       Trog's Hand       |       |     1 |     5 ||     6
       Burn Spellbooks   |       |     1 |       ||     1
  Use: Potion            |     1 |     1 |     7 ||     9
       Scroll            |       |       |    13 ||    13
 Stab: Sleeping          |       |       |     3 ||     3
       Distracted        |       |       |     1 ||     1
